 Dungeon Crawl Stone Soup version 0.27-a0-1200-g94dc6ad4cf (webtiles) character file.

Game seed: 11891172910221794861

135 spiderkeys the Poker (level 5, -1/42 HPs)
             Began as a Merfolk Abyssal Knight on June 1, 2021.
             Was a Believer of Lugonu.
             Succumbed to Robin's poison
             ... on level 3 of the Dungeon.
             The game lasted 00:03:36 (3118 turns).

spiderkeys the Poker (Merfolk Abyssal Knight)       Turns: 3118, Time: 00:03:37

Health: -1/42      AC:  6    Str: 13    XL:     5   Next: 18%
Magic:  7/7        EV: 13    Int: 12    God:    Lugonu [**....]
Gold:   112        SH:  0    Dex: 13    Spells: 4/4 levels left

rFire    . . .     SeeInvis .   a - +2 spear
rCold    . . .     Faith    .   (no shield)
rNeg     . . .     Spirit   .   b - +1 leather armour
rPois    .         Reflect  .   (no helmet)
rElec    .         Harm     .   c - +0 cloak
rCorr    .         Rampage  .   j - +0 pair of gloves
Will     .....                  (no boots)
Stlth    +.........             (no amulet)
HPRegen  0.14/turn              (no ring)
MPRegen  0.10/turn              (no ring)

@: lethally poisoned (-1 -> -22)
A: (nimble swimmer 2), mertail
a: Renounce Religion, Depart the Abyss, Bend Space


You were on level 3 of the Dungeon.
You worshipped Lugonu.
Lugonu was pleased with you.
You visited 1 branch of the dungeon, and saw 3 of its levels.
You visited the Abyss 1 time.

You collected 112 gold pieces.


Innate Abilities, Weirdness & Mutations

((You are quick and stealthy near water. (Stealth+, EV+, Speed+++)))
Your lower body shifts to a powerful aquatic tail in water.


   Skills:
 + Level 4.2 Fighting
 + Level 4.6 Polearms
 - Level 0.6 Armour
 + Level 4.1 Dodging
 + Level 3.2 Invocations


You had 4 spell levels left.
You didn't know any spells.
Your spell library was empty.

Inventory:

Hand Weapons
 a - a +2 spear (weapon)
Missiles
 e - 47 stones
 g - 17 poisoned darts
 i - 19 bolts
Armour
 b - a +1 leather armour (worn)
 c - a +0 cloak (worn)
   (You found it on level 1 of the Abyss)
 j - a +0 pair of gloves (worn)
   (You found it on level 2 of the Dungeon)
Magical Staves
 h - a staff of air {!a}
   (You found it on level 1 of the Dungeon)
 k - a staff of earth {!a}
   (You found it on level 2 of the Dungeon)
Potions
 f - 3 potions of magic

Dungeon Overview and Level Annotations

Branches:
Dungeon (3/15)

Altars:

Annotations:
D:3 Robin

##.....##
#.......#
#.......#
#.......#
##<....##
...###...##
#.......#
#######.#
#@# #g# #)#
#.#
........#
.......)#
#######.#
#.# #.#


You could see Robin.


Message History

You hit the goblin. The goblin hits you with a +3 dagger.
A hobgoblin comes into view.
The goblin hits you with a +0 dagger. 😕 HP[-8]
You take 8 damage, and now have 34/42 hp.
You closely miss the goblin.
The hobgoblin shouts!
The goblin hits you with a +3 dagger. The goblin misses you. 😕 HP[-1]
You take 1 damage, and now have 33/42 hp.
You puncture the goblin!
You kill the goblin!
Lugonu accepts your kill. The goblin misses you.
The goblin hits you but does no damage.
A goblin comes into view. It is wielding a +0 club.
You see here a +3 dagger.
Robin says, "My army is invincible!"
You see here a golden potion.
You closely miss the goblin.
The goblin shouts!
Robin says, "Duck!"
The goblin closely misses you.
You hit the goblin. The goblin barely misses you.
You hit the goblin but do no damage. The goblin hits you but does no damage.
You closely miss the goblin. You puncture the goblin!
You kill the goblin!
Lugonu accepts your kill. Robin throws the goblin at you!
The goblin hits you with a +0 club. 😕 HP[-1]
You take 1 damage, and now have 32/42 hp.
You barely miss the goblin.
Robin says, "Bow before me, strongest of all the hobgoblins!"
The goblin hits you with a +0 dagger.
The goblin hits you with a +0 club. 😮 HP[-5]
You take 5 damage, and now have 27/42 hp.
You hit the goblin. The goblin closely misses you. The goblin misses you.
You barely miss the goblin. The goblin completely misses you.
The goblin hits you with a +0 club. 😮 HP[-5]
You take 5 damage, and now have 22/42 hp.
You hit the goblin.
You kill the goblin!
Lugonu accepts your kill.
The hobgoblin no longer looks unusually strong.
You hit the goblin.
You kill the goblin!
Lugonu accepts your kill.
You see here a +0 club.
You hit the hobgoblin.
You kill the hobgoblin!
Lugonu accepts your kill. 😮 HP[+1] Robin hits you but does no damage.
You are poisoned.
Things that are here:
a +0 club; a hobgoblin corpse You hit Robin.
You feel sick.
Robin hits you with a +1 dagger of venom.
* * * LOW HITPOINT WARNING * * *
😨 HP[-4]
You take 4 damage, and now have 19/42 hp.
You barely miss Robin.
You feel sick. Robin closely misses you. 😨 HP[-2]
You take 2 damage, and now have 17/42 hp.
You barely miss Robin.
You feel sick.
Robin hits you with a +1 dagger of venom.
* * * LOW HITPOINT WARNING * * *
You are more poisoned. 😨 HP[-2]
You take 2 damage, and now have 15/42 hp.
It was a potion of cancellation.
You feel magically purged.
* * * LOW HITPOINT WARNING * * *
You feel very sick.
Robin hits you with a +1 dagger of venom.
* * * LOW HITPOINT WARNING * * *
You are lethally poisoned! 😨 HP[-4]
You take 4 damage, and now have 11/42 hp.
It was a potion of brilliance.
You feel clever all of a sudden.
* * * LOW HITPOINT WARNING * * *
You feel very sick. Robin hits you but does no damage.
You are more poisoned. 😱 HP[-3]
You take 3 damage, and now have 8/42 hp.
You aren't carrying any scrolls.
Unknown command.
Your magical effects are unravelling.
You feel magically purged.
You feel a little less clever now.
* * * LOW HITPOINT WARNING * * *
You feel very sick. Robin barely misses you. 😱 HP[-5]
You take 5 damage, and now have 3/42 hp.
Unknown command.
You barely miss Robin.
You die...

Skill      XL: |  1  2  3  4 |
---------------+-------------+-----
Dodging        | 3 4 |  4.1
Polearms       | 4 |  4.6
Fighting       | 4 |  4.2
Invocations    | 3 |  3.2
Armour         | |  0.6

Action                   |  1- 3 |  4- 6 || total
-------------------------+-------+-------++-------
Melee: Spear             |   148 |    60 ||   208
Invok: Depart the Abyss  |     1 |       ||     1
  Use: Scroll            |     5 |       ||     5
       Potion            |       |     3 ||     3
 Stab: Sleeping          |     1 |     1 ||     2
Armor: Leather armour    |    43 |    11 ||    54
Dodge: Dodged            |    74 |    23 ||    97

Levels and vault maps discovered:
D:1:      dpeg_arrival_fog, layout_basic, shapermc_ecumenical_altar_totnotflames
D:2:      layout_loops_corners, due_unseen_surprise, uniq_natasha
D:3:      layout_loops_ring, overflow_temple_1_default, old_standard_altar,
          fedhas_altar_fruit_tree, uniq_robin

Notes
Turn   | Place    | Note
-------+----------+-------------------------------------------
     0 | Abyss:1  | spiderkeys the Merfolk Abyssal Knight began the quest for
                  | the Orb.
     0 | Abyss:1  | Reached XP level 1. HP: 18/18 MP: 2/2
     0 | Abyss:1  | magus.rc [v1.9.10]
   132 | Abyss:2  | Noticed a wretched star
   136 | D:1      | You pass through the gate.
   136 | D:1      | Escaped the Abyss
   213 | D:1      | Reached * piety under Lugonu
   218 | D:1      | Reached XP level 2. HP: 24/24 MP: 3/3
   255 | D:1      | Reached skill level 3 in Dodging
   542 | D:1      | Reached XP level 3. HP: 22/29 MP: 4/4
   630 | D:1      | Found a faded altar of an unknown god.
  2072 | D:2      | Noticed Natasha
  2087 | D:2      | Killed Natasha
  2088 | D:2      | Reached skill level 4 in Polearms
  2088 | D:2      | Reached XP level 4. HP: 16/37 MP: 6/6
  2721 | D:2      | Noticed Natasha
  2734 | D:2      | Killed Natasha
  2735 | D:2      | Reached skill level 4 in Fighting
  2735 | D:2      | Reached skill level 3 in Invocations
  2941 | D:2      | Noticed Natasha
  2956 | D:2      | Killed Natasha
  2956 | D:2      | Reached ** piety under Lugonu
  2957 | D:2      | Reached skill level 4 in Dodging
  2957 | D:2      | Reached XP level 5. HP: 24/42 MP: 7/7
  3089 | D:3      | Noticed Robin
  3116 | D:3      | HP: 8/42 [poisoned by Robin]
  3117 | D:3      | HP: 3/42 [poisoned by Robin]
  3118 | D:3      | Succumbed to Robin's poison

Vanquished Creatures
  Natasha (thrice) (D:2)
  2 worms (D:2)
  A dart slug (D:1)
  7 endoplasms
  4 giant cockroaches
  8 goblins
  4 hobgoblins
  4 jackals (D:1)
  A kobold (D:1)
  2 quokkas (D:2)
  5 ball pythons (D:1)
  4 bats
  3 frilled lizards
  A rat (D:1)
49 creatures vanquished.

Table legend:
 A = Non-vault XP
 B = Vault XP
 C = Vault XP percentage of total XP
 D = Non-vault monster count
 E = Vault monster count
 F = Vault count percentage of total count
                 A         B        C        D         E       F
            +---------+---------+-------+---------+---------+-------
      Total |     148 |      45 |  23.3 |      42 |       7 |  14.3
            +---------+---------+-------+---------+---------+-------
        D:1 |      50 |       0 |   0.0 |      28 |       0 |   0.0
        D:2 |      98 |      35 |  26.3 |      14 |       1 |   6.7
        D:3 |       0 |      10 | 100.0 |       0 |       6 | 100.0
            +---------+---------+-------+---------+---------+-------

Illustrated notes

Table legend:
 A = Kills in this place as a percentage of kills in entire the game.
 B = Kills by you in this place as a percentage of kills by you in the entire game.
 C = Kills by friends in this place as a percentage of kills by friends in the entire game.
 D = Other kills in this place as a percentage of other kills in the entire game.
 E = Experience gained in this place as a percentage of experience gained in the entire game.
 F = Experience gained in this place divided by the number of levels of this place that you have seen.
                   A       B       C       D       E      F
               +-------+-------+-------+-------+-------+----------------------
         Total | 100.0 | 100.0 |   N/A |   N/A | 100.0 |  38.6
       Dungeon | 100.0 | 100.0 |   N/A |   N/A | 100.0 |  64.3
               +-------+-------+-------+-------+-------+----------------------

Table legend: (Time is in decaauts)
 A = Elapsed time spent in this place.
 B = Non-inter-level travel time spent in this place.
 C = Inter-level travel time spent in this place.
 D = Time resting spent in this place.
 E = Time spent auto-exploring this place.
 F = Levels seen in this place.
 G = Mean time per level.
                   A        B        C        D        E       F      G
               +--------+--------+--------+--------+--------+-----+--------+
         Total |   3099 |   2677 |    422 |      0 |   2237 |   5 |  619.8 |
       Dungeon |   2963 |   2541 |    422 |      0 |   2213 |   3 |  987.7 |
         Abyss |    135 |    135 |      0 |      0 |     24 |   2 |   67.5 |
               +--------+--------+--------+--------+--------+-----+--------+

Top non-repeatable levels by time:
     D:2: 1644 daAuts
     D:1: 1186 daAuts
     D:3: 133 daAuts
 Abyss:1: 99 daAuts
 Abyss:2: 36 daAuts
